AoeStats
← Grafenstein

Arabia

509366504Analyzed
1v1 RM · 6d ago on Sep 26, 2026· 46m 33s· 2 players
Game mode
Random Map
Map size
Tiny (2 player)
Population
200
Speed
Normal
Resources
Standard
Victory
Conquest
Starting age
Dark Age
Ending age
Imperial Age
RankedLock teamsTeams togetherTeam positionsShared explorationLock speedFull tech treeHidden civsTurbo modeCheats
Victory
Defeat
🇩🇪 Hindustanis · Germany
1219
+16
🇦🇷 Magyars · Argentina
1211
-16
EL CARITO
6:58 Loom
9:32 Feudal Age
10:23 Double-Bit Axe
18:43 Castle Age
18:43 Horse Collar
19:19 Bloodlines
20:25 Gold Mining
21:15 Scale Barding Armor
27:09 Scale Mail Armor
27:22 Pikeman
33:24 Wheelbarrow
41:49 Imperial Age
39:25 Stone Mining
40:17 Gold Shaft Mining
41:07 Chain Barding Armor
45:41 Bow Saw
Grafenstein
8:20 Loom
10:41 Feudal Age
13:29 Double-Bit Axe
18:33 Horse Collar
21:32 Castle Age
20:17 Scale Barding Armor
21:30 Bloodlines
21:40 Forging
39:53 Wheelbarrow
42:03 Imperial Age
40:47 Bow Saw
40:43 Heavy Plow
41:15 Husbandry
42:00 Hand Cart
41:31 Town Watch
42:56 Masonry
43:09 Chain Barding Armor
44:01 Chemistry
43:50 Iron Casting
42:53 Heavy Camel Rider
44:21 Grand Trunk Road
44:43 Conscription
44:35 Padded Archer Armor
45:59 Two-Man Saw
Connection lost

Rejoining the realm…

Still unreachable

The connection could not be restored.

Session expired

The server has moved on; the page needs a fresh start.